 Dungeon Crawl Stone Soup version 0.30-a0-165-g1891117ce2 (webtiles) character file.

Game seed: 996585257337085485

2664 themarg the Thaumaturge (level 9, -2/63 HPs)
             Began as a Djinni Fire Elementalist on Sept 29, 2022.
             Was a Follower of Nemelex Xobeh.
             Slain by a howler monkey (7 damage)
             ... summoned by a centaur
             ... on level 7 of the Dungeon.
             The game lasted 00:24:22 (8538 turns).

themarg the Thaumaturge (Djinni Fire Elementalist)  Turns: 8538, Time: 00:24:23

Health: -2/63      AC:  3    Str:  7    XL:     9   Next: 94%
Gold:   301        EV: 13    Int: 22    God:    Nemelex Xobeh [*.....] SH:  0 Dex: 13

rFire   + + .      SeeInvis .    u - +2 dagger (flame)
rCold   . . .      Faith    .    (no shield)
rNeg    . . .      Spirit   .    a - +0 robe
rPois   ∞          Reflect  .    (no helmet)
rElec   .          Harm     .    x - +0 cloak
rCorr   .          Rampage  .    (no gloves)
Will    .....                    (boots unavailable)
Stlth   ++........               (no amulet)
HPRegen 0.20/turn                q - ring of protection from cold
MPRegen 0.00/turn                (no ring)

@: flying
A: sickness immunity, fire resistance 2, cold vulnerability 1, float, innate
caster, HP casting, extra vitality 1
a: Renounce Religion, Draw Escape, Draw Destruction, Draw Summoning


You were on level 7 of the Dungeon.
You worshipped Nemelex Xobeh.
Nemelex Xobeh was aware of your devotion.
You visited 2 branches of the dungeon, and saw 8 of its levels.

You collected 301 gold pieces.

Inventory:

Hand Weapons
 d - a +0 rapier
 u - a +2 dagger of flaming (weapon)
 v - a +2 dagger of draining
Missiles
 i - 2 throwing nets
Armour
 a - a +0 robe (worn)
 x - a +0 cloak (worn)
Jewellery
 k - a ring of ice
 q - a ring of protection from cold (left hand)
 t - a ring of protection from cold
Wands
 y - a wand of flame (26)
 E - a wand of polymorph (9)
 F - a wand of mindburst (10)
Scrolls
 e - 4 scrolls of teleportation
 f - a scroll of blinking {unknown}
 h - a scroll of fear {unknown}
 j - 2 scrolls of magic mapping {unknown}
 o - a scroll of vulnerability {unknown}
 w - 3 scrolls of enchant weapon
 A - 2 scrolls of poison {unknown}
 B - 2 scrolls of fog {unknown}
 D - a scroll of immolation {unknown}
Potions
 b - 2 potions of cancellation
 c - a potion of mutation {unknown}
 g - 4 potions of magic
 l - 2 potions of might
 m - a potion of resistance {unknown}
 n - a potion of degeneration {unknown}
 p - a potion of flight {unknown}
 r - 2 potions of invisibility {unknown}
 s - a potion of heal wounds {unknown}
 z - a potion of brilliance {unknown}


   Skills:
 + Level 4.4 Fighting
 - Level 5.0 Dodging
 - Level 3.0 Stealth
 * Level 8.8 Spellcasting


You had 3 spell levels left.
You knew the following spells:

 Your Spells              Type           Power      Damage    Failure   Level
a - Foxfire               Conj/Fire      100%       2x1d9     1%          1
b - Scorch                Fire           96%        2d10      1%          2
c - Kindle Blastsparks    Fire/Tloc/Air  96%        2d18      1%          3
d - Inner Flame           Hex/Fire       48%        N/A       1%          3
e - Flame Wave            Conj/Fire      48%        2d12      1%          4
f - Apportation           Tloc           96%        N/A       1%          1
g - Momentum Strike       Conj/Tloc      96%        3d10      1%          2
h - Stone Arrow           Conj/Erth      96%        3d13      1%          3
i - Frozen Ramparts       Ice            96%        1d15      1%          3
Your spell library was empty.

Dungeon Overview and Level Annotations

Branches:
Dungeon (7/15)             Temple (1/1) D:5

Altars:
Cheibriados
Dithmenos
Elyvilon
Fedhas
Makhleb
Nemelex Xobeh
Okawaru
Qazlal
Trog
Uskayaw
Xom
Yredelemnul
Zin

Annotations:
D:4 3 runed translucent doors, exclusion: 3 doors, Darkkill's ghost, amateur DsWn


Innate Abilities, Weirdness & Mutations

You are immune to sickness and miasma.
You are immune to poison.
Your flesh is very heat resistant. (rF++)
You are vulnerable to cold. (rC-)
You float through the air rather than walking.
You learn spells naturally, not from books.
Your magical power is your life essence.
You have superior vitality. (+4 MHP)


Message History

Casting: Kindle Blastsparks (safe; 1% risk of failure)
Confirm with . or Enter, or press ? or * to list all spells.
Casting: Flame Wave (dangerous; 1% risk of failure)
Press: ? - help, Dir - look around, f - activate A wave of flame ripples out!
The flame wave engulfs the killer bee!
The killer bee is severely wounded.
The flame wave engulfs the killer bee.
You kill the killer bee!
The killer bee's corpse dissolves into shadows! (Press . to intensify the flame waves.)
You hear a shout!
The killer bee stings you.
The centaur wields a +0 shortbow.
The centaur shoots an arrow.
The arrow hits you! The killer bee stings you.
A wave of flame ripples out!
The flame wave engulfs the killer bee!
You kill the killer bee!
The killer bee's corpse dissolves into shadows!
The centaur shoots an arrow.
The arrow hits you but does no damage.
You draw a card...
You have drawn Pain.
Press: ? - help, Shift-Dir - straight line, f - two-headed ogre
Aim: a two-headed ogre, wielding two +0 giant clubs (summoned)
The howler monkey convulses!
The centaur shoots an arrow.
The arrow hits you!
* * * LOW HITPOINT WARNING * * *
The howler monkey hoots and howls with incredible vigour!
The centaur shoots a sling bullet.
The sling bullet hits you.
* * * LOW HITPOINT WARNING * * *
You hear a shout!
As you read the scroll of summoning, it crumbles to dust.
Wisps of shadow whirl around you...
The centaur shoots an arrow.
The arrow hits your gnoll bouda!
The centaur shoots a sling bullet.
The sling bullet barely misses your gnoll bouda.
The sling bullet hits you.
* * * LOW HITPOINT WARNING * * *
The howler monkey hits you.
* * * LOW HITPOINT WARNING * * *
The centaur shoots an arrow.
The arrow hits your gnoll bouda!
The howler monkey attacks as you move away!
The howler monkey hits you!
You die...
Your body disappears without a glow.

#.. # #. #.. #
#.###...#
#....>..###### ## ###
c.....c...hc.#.c.. #..
.........y.'.... #.. #
#.g.###.####..# ##.
.#.##..g###D####..#
....'.g.@h........'
)..#...lO........# .
##Y.##..##.#### ..##
#..###..#########.###..
....†...).............
........#..).........
###+######)##..##..##
...######)##..##..##
.......†>..#.......#


You could see a two-headed ogre (summoned), a steam dragon (summoned), 2
centaurs, a howler monkey (summoned, ally target), a friendly wyvern (summoned),
a friendly ice beast (summoned), a friendly gnoll bouda (summoned) and 2
friendly gnolls.

Vanquished Creatures
  Maggie (D:7)
  Sigmund (D:3)
  A wyvern (D:7)
  An orc warrior (D:7)
  2 ice beasts
  4 black bears
  3 ogres
  A centaur (D:6)
  2 phantoms
  A bullfrog (D:7)
  A gnoll sergeant (D:7)
  2 necrophages
  A scorpion (D:7)
  3 hounds
  5 orc priests
  A jelly (D:5)
  An iguana (D:5)
  5 orc wizards
  4 gnolls (D:3)
  5 adders
  A shadow imp (D:6)
  A white imp (D:7)
  2 ufetubi
  A worm (D:3)
  2 dart slugs (D:3)
  24 orcs
  8 ball pythons
  7 endoplasms
  9 goblins
  8 hobgoblins
  5 jackals
  4 kobolds
  8 quokkas
  10 bats
  7 frilled lizards
  7 rats
149 creatures vanquished.

Vanquished Creatures (others)
  323 foxfires
323 creatures vanquished.

Grand Total: 472 creatures vanquished

Notes
Turn   | Place    | Note
-------+----------+-------------------------------------------
     0 | D:1      | themarg the Djinni Fire Elementalist began the quest for
                  | the Orb.
     0 | D:1      | themarg set off with the following spells memorised:
                  | Foxfire, Scorch, Kindle Blastsparks, Inner Flame, Flame
                  | Wave.
     0 | D:1      | Reached XP level 1. HP: 15/15 MP: 0/0
   429 | D:1      | Reached XP level 2. HP: 18/21 MP: 0/0
  1098 | D:1      | Reached XP level 3. HP: 21/25 MP: 0/0
  1098 | D:1      | Learned a level 1 spell: Apportation
  1290 | D:1      | Reached skill level 3 in Spellcasting
  1403 | D:1      | Found a faded altar of an unknown god.
  1928 | D:2      | Reached XP level 4. HP: 27/31 MP: 0/0
  2706 | D:3      | Reached XP level 5. HP: 23/35 MP: 0/0
  2706 | D:3      | Learned a level 2 spell: Momentum Strike
  3391 | D:3      | Found a stormy altar of Qazlal.
  3405 | D:3      | Noticed Sigmund
  3432 | D:3      | Killed Sigmund
  3433 | D:3      | Reached skill level 4 in Spellcasting
  3433 | D:3      | Reached XP level 6. HP: 16/40 MP: 0/0
  3834 | D:3      | Found a white marble altar of Elyvilon.
  3834 | D:3      | Found a bloodstained altar of Trog.
  3885 | D:4      | Found a runed translucent gate.
  3885 | D:4      | Found a runed translucent gate.
  3910 | D:4      | Reached skill level 5 in Spellcasting
  3978 | D:4      | Noticed a black bear
  3985 | D:4      | Noticed Darkkill's ghost (amateur DsWn)
  4095 | D:4      | Found a runed translucent gate.
  4263 | D:4      | Reached XP level 7. HP: 37/45 MP: 0/0
  4263 | D:4      | Learned a level 3 spell: Stone Arrow
  4796 | D:5      | Entered Level 5 of the Dungeon
  4820 | D:5      | Reached skill level 6 in Spellcasting
  4843 | D:5      | Reached XP level 8. HP: 33/50 MP: 0/0
  5282 | D:5      | Reached skill level 7 in Spellcasting
  5414 | D:5      | Found a staircase to the Ecumenical Temple.
  5421 | Temple   | Entered the Ecumenical Temple
  5642 | Temple   | Became a worshipper of Nemelex Xobeh the Trickster
  5745 | D:5      | Reached skill level 1 in Fighting
  6516 | D:6      | Reached XP level 9. HP: 9/58 MP: 0/0
  6516 | D:6      | Learned a level 3 spell: Frozen Ramparts
  7266 | D:6      | Reached * piety under Nemelex Xobeh
  7294 | D:6      | Reached skill level 8 in Spellcasting
  7920 | D:7      | Received a gift from Nemelex Xobeh
  8081 | D:7      | Noticed Maggie
  8101 | D:7      | Killed Maggie
  8102 | D:7      | Reached skill level 5 in Dodging
  8535 | D:7      | Noticed a two-headed ogre
  8538 | D:7      | Slain by a howler monkey

Illustrated notes

Levels and vault maps discovered:
D:1:      dpeg_chamrin_arrival_tetris, layout_basic, basic_ecumenical_altar,
          minmay_close_crescents
D:2:      layout_loops_ring
D:3:      layout_rooms, gammafunk_temple_overflow_elements,
          nicolae_qazlal_scattered_showers, kennysheep_generic_room_5,
          uniq_sigmund
D:4:      layout_basic, gammafunk_ghost_split, minmay_fractal_squares_gapless_5
D:5:      layout_cave_pods, minmay_temple_entry_tees
D:6:      layout_loops_ring
D:7:      layout_gridville, chequers_serial_rivers_large_a,
          minmay_manual_monstrance, uniq_maggie
Temple:   oiseaux_autumnal_temple

Skill      XL: |  1  2  3  4  5  6  7  8  9 |
---------------+----------------------------+-----
Stealth        | 2 3 |  3.0
Spellcasting   | 3 4 5 6 7 8 |  8.8
Fighting       | 2 4 |  4.4
Dodging        | 3 5 |  5.0

Action                   |  1- 3 |  4- 6 |  7- 9 || total
-------------------------+-------+-------+-------++-------
Melee: Rapier            |     1 |     1 |       ||     2
       Dagger            |       |       |     1 ||     1
 Cast: Foxfire           |    38 |    73 |    89 ||   200
       Scorch            |    12 |    21 |    37 ||    70
       Kindle Blastspark |       |     2 |    22 ||    24
       Inner Flame       |       |     1 |    13 ||    14
       Flame Wave        |       |       |     1 ||     1
Invok: Draw Destruction  |       |       |     1 ||     1
  Use: Potion            |       |     2 |       ||     2
       Scroll            |       |     1 |     5 ||     6
Armor: Robe              |     1 |       |     1 ||     2
       Skin              |       |     1 |       ||     1
Dodge: Dodged            |     2 |     7 |     7 ||    16

Table legend: (Time is in decaauts)
 A = Elapsed time spent in this place.
 B = Non-inter-level travel time spent in this place.
 C = Inter-level travel time spent in this place.
 D = Time resting spent in this place.
 E = Time spent auto-exploring this place.
 F = Levels seen in this place.
 G = Mean time per level.
                   A        B        C        D        E       F      G
               +--------+--------+--------+--------+--------+-----+--------+
         Total |   8537 |   8274 |    263 |   2875 |   4395 |   8 | 1067.1 |
       Dungeon |   8288 |   8077 |    211 |   2875 |   4216 |   7 | 1184.0 |
        Temple |    249 |    197 |     52 |      0 |    179 |   1 |  249.0 |
               +--------+--------+--------+--------+--------+-----+--------+

Top non-repeatable levels by time:
     D:1: 1701 daAuts
     D:6: 1602 daAuts
     D:2: 1126 daAuts
     D:4: 1082 daAuts
     D:3: 1077 daAuts
     D:5: 1055 daAuts
     D:7: 642 daAuts
  Temple: 249 daAuts
